TOP OF THE 1ST |
Watertown Bucks batting - Pitching for Aberdeen Pheasants : RHP John Pacella
|
Pitching: RHP John Pacella
|
|
Batting: RHB Richard Plautz
|
0-0: Ball 1-0: Called Strike 1-1: Ball 2-1: Foul Ball, location: 2F 2-2: Strikes out swinging
|
Batting: RHB Noel Roman
|
0-0: Called Strike 0-1: Swinging Strike 0-2: Ball 1-2: Ball 2-2: SINGLE (Line Drive, 9S, EV 100.6 MPH)
|
Batting: LHB Steve Lyons
|
0-0: Ball 1-0: Foul Ball, location: 2F 1-1: Ball 2-1: Called Strike 2-2: DOUBLE (Line Drive, 5D, EV 100.0 MPH) Noel Roman to third Runner from 3rd tries for Home, SAFE, throw by LF to trailing runner, SAFE at third!
|
Batting: LHB Greg Guin
|
0-0: Swinging Strike 0-1: Called Strike 0-2: Ball 1-2: Ball 2-2: Ball 3-2: Foul Ball, location: 2F 3-2: Foul Ball, location: 2F 3-2: Base on Balls
|
Batting: LHB Dave Sanchez
|
0-0: Ball 1-0: Foul Ball, location: 2F 1-1: Ball 2-1: Swinging Strike 2-2: Grounds into double play, 5-4-3 (Groundball, 56, EV 85.6 MPH)
|
Top of the 1st over - 1 run, 2 hits, 0 errors, 1 left on base; Watertown 1 - Aberdeen 0 |
BOTTOM OF THE 1ST |
Aberdeen Pheasants batting - Pitching for Watertown Bucks : RHP Jack Littrell
|
Pitching: RHP Jack Littrell
|
|
Batting: SHB Stephen Moore
|
0-0: SINGLE (Line Drive, 6MD, EV 110.0 MPH)
|
Batting: LHB Sergio Leija
|
0-0: Ball Stephen Moore steals 2nd, throwing error, E2 Stephen Moore to third 1-0: Ground out 4-3 (Groundball, 34, EV 98.1 MPH) Stephen Moore scores
|
Batting: RHB Ed Hearn
|
0-0: Called Strike 0-1: Ball 1-1: DOUBLE (Groundball, 5L, EV 110.6 MPH)
|
Batting: RHB Thomas Masterson
|
0-0: Called Strike 0-1: Ball 1-1: Ball 2-1: Swinging Strike 2-2: Ball 3-2: Foul Ball, location: 2F 3-2: Fly out, F9 (Line Drive, 9, EV 92.5 MPH)
|
Batting: LHB Tim Thompson
|
0-0: Foul Ball, location: 2F 0-1: Fly out, F8 (Flyball, 78D, EV 92.5 MPH)
|
Bottom of the 1st over - 1 run, 2 hits, 1 error, 1 left on base; Watertown 1 - Aberdeen 1 |
TOP OF THE 2ND |
Watertown Bucks batting - Pitching for Aberdeen Pheasants : RHP John Pacella
|
Batting: RHB Mike Sodders
|
0-0: Foul Ball, location: 2F 0-1: Ball 1-1: SOLO HOME RUN (Flyball, 7D, EV 104.4 MPH), Distance : 378 ft
|
Batting: LHB Luis Armijo
|
0-0: Called Strike 0-1: Ball 1-1: Ball 2-1: Foul Ball, location: 2F 2-2: SINGLE (Line Drive, 7S, EV 95.0 MPH)
|
Batting: SHB Luis Rivera
|
0-0: Ball 1-0: Foul Ball, location: 2F 1-1: Ball 2-1: Ball 3-1: Fly out, F7 (Flyball, 7S, EV 91.9 MPH)
|
Batting: RHB Thomas Dimino
|
0-0: Called Strike 0-1: Called Strike 0-2: Ball 1-2: Ball 2-2: Fly out, F2 (Popup, 25F, EV 86.3 MPH)
|
Batting: RHB Richard Plautz
|
0-0: Swinging Strike 0-1: Ball 1-1: Swinging Strike 1-2: Fielders Choice at 2nd, 6-4 (Groundball, 56, EV 79.4 MPH)
|
Top of the 2nd over - 1 run, 2 hits, 0 errors, 1 left on base; Watertown 2 - Aberdeen 1 |
BOTTOM OF THE 2ND |
Aberdeen Pheasants batting - Pitching for Watertown Bucks : RHP Jack Littrell
|
Batting: LHB Bob Porter
|
0-0: Foul Ball, location: 2F 0-1: Ground out 4-3 (Groundball, 4S, EV 79.4 MPH)
|
Batting: LHB Gary Champagne
|
0-0: Called Strike 0-1: Swinging Strike 0-2: Foul Ball, location: 2F 0-2: SINGLE (Flyball, 9S, EV 93.1 MPH)
|
Batting: RHB Ross Jones
|
0-0: Foul Ball, location: 2F 0-1: Ball 1-1: Ball 2-1: Called Strike 2-2: Ball 3-2: Strikes out swinging
|
Batting: SHB Eski Viltz
|
0-0: Ball 1-0: Ground out 4-3 (Groundball, 34, EV 100.6 MPH)
|
Bottom of the 2nd over - 0 runs, 1 hit, 0 errors, 1 left on base; Watertown 2 - Aberdeen 1 |
TOP OF THE 3RD |
Watertown Bucks batting - Pitching for Aberdeen Pheasants : RHP John Pacella
|
Batting: RHB Noel Roman
|
0-0: Ball 1-0: Swinging Strike 1-1: Foul Ball, location: 2F 1-2: Strikes out swinging
|
Batting: LHB Steve Lyons
|
0-0: Ball 1-0: Foul Ball, location: 2F 1-1: Foul Ball, location: 2F 1-2: Ball 2-2: Foul Ball, location: 2F 2-2: Strikes out swinging
|
Batting: LHB Greg Guin
|
0-0: Ball 1-0: Foul Ball, location: 2F 1-1: Foul Ball, location: 2F 1-2: Ground out 1-3 (Groundball, P, EV 84.4 MPH)
|
Top of the 3rd over - 0 runs, 0 hits, 0 errors, 0 left on base; Watertown 2 - Aberdeen 1 |
BOTTOM OF THE 3RD |
Aberdeen Pheasants batting - Pitching for Watertown Bucks : RHP Jack Littrell
|
Batting: SHB Stephen Moore
|
0-0: Foul Ball, location: 2F 0-1: Ball 1-1: Foul Ball, location: 2F 1-2: Fly out, F8 (Line Drive, 8RM, EV 97.5 MPH)
|
Batting: LHB Sergio Leija
|
0-0: Called Strike 0-1: Ground out 6-3 (Groundball, 56, EV 98.8 MPH)
|
Batting: RHB Ed Hearn
|
0-0: Ball 1-0: Fly out, F8 (Flyball, 89M, EV 93.8 MPH)
|
Bottom of the 3rd over - 0 runs, 0 hits, 0 errors, 0 left on base; Watertown 2 - Aberdeen 1 |
TOP OF THE 4TH |
Watertown Bucks batting - Pitching for Aberdeen Pheasants : RHP John Pacella
|
Batting: LHB Dave Sanchez
|
0-0: Foul Ball, location: 2F 0-1: Ground out 1-3 (Groundball, 13, EV 77.5 MPH)
|
Batting: RHB Mike Sodders
|
0-0: Ball 1-0: Ball 2-0: Ball 3-0: Called Strike 3-1: Base on Balls
|
Batting: LHB Luis Armijo
|
0-0: Called Strike 0-1: Ball 1-1: Foul Ball, location: 2F 1-2: Ball 2-2: Foul Ball, location: 2F 2-2: Foul Ball, location: 2F 2-2: Fly out, F7 (Flyball, 78XD, EV 86.3 MPH)
|
Batting: SHB Luis Rivera
|
0-0: Ground out 1-3 (Groundball, 34S, EV 85.6 MPH)
|
Top of the 4th over - 0 runs, 0 hits, 0 errors, 1 left on base; Watertown 2 - Aberdeen 1 |
BOTTOM OF THE 4TH |
Aberdeen Pheasants batting - Pitching for Watertown Bucks : RHP Jack Littrell
|
Batting: RHB Thomas Masterson
|
0-0: Ball 1-0: Foul Ball, location: 2F 1-1: Ball 2-1: Ball 3-1: Base on Balls
|
Batting: LHB Tim Thompson
|
0-0: Ball 1-0: Ball 2-0: Called Strike 2-1: Ball 3-1: Called Strike 3-2: SINGLE (Flyball, 4D, EV 87.5 MPH) Thomas Masterson to second Thomas Masterson to third
|
Batting: LHB Bob Porter
|
0-0: Ball 1-0: Called Strike 1-1: Ball 2-1: Called Strike 2-2: Ball 3-2: 3-RUN HOME RUN (Line Drive, 7D, EV 106.3 MPH), Distance : 366 ft
|
Batting: LHB Gary Champagne
|
0-0: Ball 1-0: Swinging Strike 1-1: Called Strike 1-2: Ball 2-2: Ball 3-2: Ground out 6-3 (Groundball, 6M, EV 91.3 MPH)
|
Batting: RHB Ross Jones
|
0-0: Foul Ball, location: 2F 0-1: Ball 1-1: Foul Ball, location: 2F 1-2: Ground out 6-3 (Groundball, 6, EV 99.4 MPH)
|
Batting: SHB Eski Viltz
|
0-0: Ball 1-0: Swinging Strike 1-1: Ball 2-1: Ball 3-1: Foul Ball, location: 2F 3-2: Strikes out looking
|
Bottom of the 4th over - 3 runs, 2 hits, 0 errors, 0 left on base; Watertown 2 - Aberdeen 4 |
TOP OF THE 5TH |
Watertown Bucks batting - Pitching for Aberdeen Pheasants : RHP John Pacella
|
Batting: RHB Thomas Dimino
|
0-0: Called Strike 0-1: Foul Ball, location: 2F 0-2: Ball 1-2: Ground out 1-3 (Groundball, 13S, EV 71.3 MPH)
|
Batting: RHB Richard Plautz
|
0-0: Ball 1-0: Foul Ball, location: 2F 1-1: Ball 2-1: Called Strike 2-2: Foul Ball, location: 2F 2-2: Ball 3-2: Foul Ball, location: 2F 3-2: Strikes out looking
|
Batting: RHB Noel Roman
|
0-0: Ball 1-0: Ball 2-0: Called Strike 2-1: Fly out, F6 (Popup, 6M, EV 71.3 MPH)
|
Top of the 5th over - 0 runs, 0 hits, 0 errors, 0 left on base; Watertown 2 - Aberdeen 4 |
BOTTOM OF THE 5TH |
Aberdeen Pheasants batting - Pitching for Watertown Bucks : RHP Jack Littrell
|
Batting: SHB Stephen Moore
|
0-0: Foul Ball, location: 2F 0-1: Fly out, F9 (Flyball, 9, EV 90.0 MPH)
|
Batting: LHB Sergio Leija
|
0-0: SINGLE (Line Drive, 7S, EV 95.0 MPH)
|
Batting: RHB Ed Hearn
|
0-0: Called Strike 0-1: Ball 1-1: Fly out, F9 (Line Drive, 9, EV 94.4 MPH)
|
Batting: RHB Thomas Masterson
|
0-0: Called Strike Sergio Leija steals 2nd base 0-1: Reached on error, E5 (Groundball, 56, EV 101.3 MPH) Sergio Leija to third
|
Batting: LHB Tim Thompson
|
0-0: Ball 1-0: Ball 2-0: Fly out, F1 (Line Drive, P, EV 71.9 MPH)
|
Bottom of the 5th over - 0 runs, 1 hit, 1 error, 2 left on base; Watertown 2 - Aberdeen 4 |
TOP OF THE 6TH |
Watertown Bucks batting - Pitching for Aberdeen Pheasants : RHP John Pacella
|
Batting: LHB Steve Lyons
|
0-0: Ball 1-0: Called Strike 1-1: Ball 2-1: Foul Ball, location: 2F 2-2: Foul Ball, location: 2F 2-2: Fly out, F7 (Line Drive, 7, EV 98.1 MPH)
|
Batting: LHB Greg Guin
|
0-0: Fly out, F7 (Flyball, 7LS, EV 81.3 MPH)
|
Batting: LHB Dave Sanchez
|
0-0: Ball 1-0: Called Strike 1-1: Foul Ball, location: 2F 1-2: Foul Ball, location: 2F 1-2: Strikes out swinging
|
Top of the 6th over - 0 runs, 0 hits, 0 errors, 0 left on base; Watertown 2 - Aberdeen 4 |
BOTTOM OF THE 6TH |
Aberdeen Pheasants batting - Pitching for Watertown Bucks : RHP Jack Littrell
|
Batting: LHB Bob Porter
|
0-0: Ball 1-0: Called Strike 1-1: SINGLE (Groundball, 34D, EV 105.0 MPH)
|
Batting: LHB Gary Champagne
|
0-0: Called Strike 0-1: Ball 1-1: Ball 2-1: Foul Ball, location: 2F 2-2: Foul Ball, location: 2F 2-2: Ball Wild Pitch! Bob Porter to second 3-2: Intentional Walk
|
Batting: RHB Ross Jones
|
0-0: Called Strike 0-1: Bunted foul 0-2: Ball 1-2: Foul Ball, location: 2F 1-2: Ball 2-2: Ball 3-2: Base on Balls Bob Porter to third Gary Champagne to second
|
Batting: SHB Eski Viltz
|
0-0: Called Strike 0-1: Ball 1-1: Called Strike 1-2: SINGLE (Line Drive, 9S, EV 106.3 MPH) Bob Porter scores Gary Champagne to third Ross Jones to second
|
Pitching: RHP Leonardo Ortiz
|
|
Batting: SHB Stephen Moore
|
0-0: Foul Ball, location: 2F 0-1: Ball 1-1: Ball 2-1: Grounds into fielders choice 1-2 (Groundball, P, EV 73.8 MPH) Ross Jones to third Eski Viltz to second
|
Batting: LHB Sergio Leija
|
0-0: Ball 1-0: SINGLE (Line Drive, 9S, EV 98.8 MPH) Ross Jones scores Eski Viltz to third Stephen Moore to second
|
Batting: RHB Ed Hearn
|
0-0: Swinging Strike 0-1: Ball 1-1: DOUBLE (Flyball, 9LD, EV 95.0 MPH) Eski Viltz scores Stephen Moore scores Sergio Leija to third
|
Batting: RHB Thomas Masterson
|
0-0: Called Strike 0-1: Ball 1-1: Ball 2-1: Ball 3-1: Called Strike 3-2: Foul Ball, location: 2F 3-2: Base on Balls
|
Batting: LHB Tim Thompson
|
0-0: Ball 1-0: DOUBLE (Flyball, 8LXD, EV 95.0 MPH) Sergio Leija scores Ed Hearn scores Thomas Masterson to third
|
Batting: LHB Bob Porter
|
0-0: Ball 1-0: Ball 2-0: Called Strike 2-1: Ball 3-1: Base on Balls
|
Batting: LHB Gary Champagne
|
0-0: Called Strike 0-1: Ball 1-1: Swinging Strike 1-2: Foul Ball, location: 2F 1-2: Foul Ball, location: 2F 1-2: Ball 2-2: Ball 3-2: Foul Ball, location: 2F 3-2: GRAND SLAM HOME RUN (Flyball, 9LD, EV 98.8 MPH), Distance : 368 ft
|
Pitching: LHP Kenneth Likewise
|
|
Batting: RHB Ross Jones
|
0-0: Ball 1-0: Ground out 6-3 (Groundball, 6, EV 83.1 MPH)
|
Batting: SHB Eski Viltz
|
0-0: Ball 1-0: Ball 2-0: Foul Ball, location: 2F 2-1: Ground out 4-3 (Groundball, 4M, EV 106.9 MPH)
|
Bottom of the 6th over - 10 runs, 6 hits, 0 errors, 0 left on base; Watertown 2 - Aberdeen 14 |
TOP OF THE 7TH |
Watertown Bucks batting - Pitching for Aberdeen Pheasants : RHP John Pacella
|
Batting: RHB Mike Sodders
|
0-0: Ball 1-0: Ball 2-0: Fly out, F9 (Flyball, 89S, EV 87.5 MPH)
|
Batting: LHB Luis Armijo
|
0-0: Ball 1-0: Ball 2-0: Foul Ball, location: 2F 2-1: Ball 3-1: Fly out, F9 (Flyball, 9LS, EV 75.0 MPH)
|
Batting: SHB Luis Rivera
|
0-0: Ball 1-0: Called Strike 1-1: Ball 2-1: Fly out, F8 (Flyball, 89D, EV 96.9 MPH)
|
Top of the 7th over - 0 runs, 0 hits, 0 errors, 0 left on base; Watertown 2 - Aberdeen 14 |
BOTTOM OF THE 7TH |
Aberdeen Pheasants batting - Pitching for Watertown Bucks : LHP Kenneth Likewise
|
Batting: SHB Stephen Moore
|
0-0: Ball 1-0: Foul Ball, location: 2F 1-1: Ground out U3 (Groundball, 3, EV 92.5 MPH)
|
Batting: LHB Sergio Leija
|
0-0: Ball 1-0: Ball 2-0: Foul Ball, location: 2F 2-1: Called Strike 2-2: Foul Ball, location: 2F 2-2: Foul Ball, location: 2F 2-2: Foul Ball, location: 2F 2-2: Foul Ball, location: 2F 2-2: Ball 3-2: Ground out 1-3 (Groundball, 13, EV 85.6 MPH)
|
Pinch Hitting: RHB Armando Ramirez
|
0-0: Ground out U3 (Groundball, 3, EV 103.8 MPH)
|
Bottom of the 7th over - 0 runs, 0 hits, 0 errors, 0 left on base; Watertown 2 - Aberdeen 14 |
TOP OF THE 8TH |
Watertown Bucks batting - Pitching for Aberdeen Pheasants : RHP John Pacella
|
Now at 3B: Armando Ramirez
|
|
Batting: RHB Thomas Dimino
|
0-0: Called Strike 0-1: Foul Ball, location: 2F 0-2: Strikes out swinging
|
Batting: RHB Richard Plautz
|
0-0: Ball 1-0: SINGLE (Line Drive, 9LS, EV 106.3 MPH)
|
Batting: RHB Noel Roman
|
0-0: Foul Ball, location: 2F 0-1: Foul Ball, location: 2F 0-2: Strikes out swinging
|
Batting: LHB Steve Lyons
|
0-0: Foul Ball, location: 2F 0-1: Fly out, F6 (Popup, 6S, EV 81.3 MPH)
|
Top of the 8th over - 0 runs, 1 hit, 0 errors, 1 left on base; Watertown 2 - Aberdeen 14 |
BOTTOM OF THE 8TH |
Aberdeen Pheasants batting - Pitching for Watertown Bucks : LHP Kenneth Likewise
|
Batting: RHB Thomas Masterson
|
0-0: Called Strike 0-1: Ball 1-1: Ball 2-1: Foul Ball, location: 2F 2-2: Fly out, F8 (Flyball, 78M, EV 83.8 MPH)
|
Batting: LHB Tim Thompson
|
0-0: Ball 1-0: SINGLE (Popup, 4D, EV 45.6 MPH)
|
Batting: LHB Bob Porter
|
0-0: Ball 1-0: Foul Ball, location: 2F 1-1: Ball 2-1: Foul Ball, location: 2F 2-2: SINGLE (Groundball, 23, EV 71.3 MPH) (infield hit) Tim Thompson to second
|
Batting: LHB Gary Champagne
|
0-0: Foul Ball, location: 2F 0-1: Called Strike 0-2: Grounds into double play, 6-4-3 (Groundball, 6, EV 83.8 MPH)
|
Bottom of the 8th over - 0 runs, 2 hits, 0 errors, 1 left on base; Watertown 2 - Aberdeen 14 |
TOP OF THE 9TH |
Watertown Bucks batting - Pitching for Aberdeen Pheasants : RHP John Pacella
|
Batting: LHB Greg Guin
|
0-0: Called Strike 0-1: Ball 1-1: Ball 2-1: Foul Ball, location: 2F 2-2: Strikes out swinging
|
Batting: LHB Dave Sanchez
|
0-0: Swinging Strike 0-1: Swinging Strike 0-2: Ball 1-2: Ball 2-2: Foul Ball, location: 2F 2-2: Fly out, F7 (Line Drive, 7, EV 94.4 MPH)
|
Batting: RHB Mike Sodders
|
0-0: SINGLE (Line Drive, 4MD, EV 98.8 MPH)
|
Batting: LHB Luis Armijo
|
0-0: Called Strike 0-1: Foul Ball, location: 2F 0-2: Ball 1-2: Fly out, F7 (Line Drive, 7, EV 91.3 MPH)
|
Top of the 9th over - 0 runs, 1 hit, 0 errors, 1 left on base; Watertown 2 - Aberdeen 14 |
|